 Dungeon Crawl Stone Soup version 0.28.0-53-g5a82cb258f (webtiles) character file.

Game seed: 15933854048857112257

590 LustLizard the Chopper (level 7, -15/61 HPs)
             Began as a Minotaur Berserker on July 11, 2022.
             Was a Priest of Trog.
             Demolished by an orc warrior
             ... wielding a +0 scimitar
              (18 damage)
             ... on level 5 of the Dungeon.
             The game lasted 00:08:13 (4081 turns).

LustLizard the Chopper (Minotaur Berserker)         Turns: 4081, Time: 00:08:14

Health: -15/61     AC:  9    Str: 22    XL:     7   Next: 16%
Magic:  6/6        EV:  8    Int:  9    God:    Trog [***...]
Gold:   200        SH:  5    Dex:  9    Spells: 6/6 levels left

rFire   . . .      SeeInvis +   u - +5 mace of Harmony {venom, *Noise rN+ Int+3 SInv}
rCold   . . .      Faith    .   (no shield)
rNeg    + . .      Spirit   .   r - +0 chain mail
rPois   .          Reflect  +   (helmet restricted)
rElec   .          Harm     .   w - +0 cloak
rCorr   .          Rampage  .   (no gloves)
Will    .....                   (no boots)
Stlth   ..........              q - amulet of reflection
HPRegen 0.20/turn               h - ring of see invisible
MPRegen 0.10/turn               (no ring)

@: no status effects
A: horns 2, retaliatory headbutt
a: Renounce Religion, Berserk, Trog's Hand


You were on level 5 of the Dungeon.
You worshipped Trog.
Trog was most pleased with you.
You visited 1 branch of the dungeon, and saw 5 of its levels.

You collected 200 gold pieces.

Inventory:

Hand Weapons
 a - a +0 hand axe
 m - a +0 war axe
 u - the +5 mace of Harmony (weapon) {venom, *Noise rN+ Int+3 SInv}
   (You found it on level 3 of the Dungeon)

   It poisons the flesh of those it strikes.
   Int:       It affects your intelligence (+3).
   rN:        It protects you from negative energy.
   SInv:      It lets you see invisible.
   *Noise:    It may make noises in combat.
Missiles
 d - 8 poisoned darts
 e - 125 stones (quivered)
 x - 2 boomerangs
 z - a throwing net
Armour
 b - a +0 animal skin
 j - a +0 ring mail
 r - a +0 chain mail (worn)
 w - a +0 cloak (worn)
Jewellery
 h - a ring of see invisible (left hand)
 q - an amulet of reflection (around neck)
Wands
 v - a wand of digging (7)
Scrolls
 c - 2 scrolls of teleportation
 f - a scroll of vulnerability {unknown}
 g - 3 scrolls of identify
 k - a scroll of noise {unknown}
 l - a scroll of acquirement {unknown}
 n - 2 scrolls of enchant armour {unknown}
 s - 2 scrolls of amnesia {unknown}
 y - a scroll of magic mapping {unknown}
Potions
 i - 3 potions of curing
 o - a potion of cancellation {unknown}
 p - a potion of mutation {unknown}
 t - a potion of lignification {unknown}
 A - a potion of brilliance {unknown}


   Skills:
 + Level 5.5 Fighting
 * Level 7.0 Axes
 * Level 4.2 Throwing
 - Level 2.4 Armour
 - Level 2.1 Dodging
 * Level 0.9 Evocations


You had 6 spell levels left.
You didn't know any spells.
Your spell library was empty.

Dungeon Overview and Level Annotations

Branches:
Dungeon (5/15)
 Temple: D:4-7

Altars:

Shops:
D:5 [


Innate Abilities, Weirdness & Mutations

You have a pair of horns on your head.
You reflexively headbutt those who attack you in melee.


Message History

The centaur skeleton hits you.
The centaur skeleton kicks you but does no damage.
You hit the centaur skeleton. You headbutt the centaur skeleton!
The centaur skeleton is almost destroyed.
The centaur skeleton hits you but does no damage.
The centaur skeleton closely misses you.
The centaur skeleton hits you but does no damage.
You block the centaur skeleton's attack.
You hit the centaur skeleton. You headbutt the centaur skeleton.
You destroy the centaur skeleton!
Trog accepts your kill.
The orc wizard points at you and mumbles some strange words.
You are confused.
You are too confused!
You bump into the rock wall.
The orc wizard casts a spell.
The orc wizard flickers and vanishes for a moment.
The orc warrior hits you with a +0 scimitar!
* * * LOW HITPOINT WARNING * * *
You bump into the rock wall.
The orc warrior hits you with a +0 scimitar!
* * * LOW HITPOINT WARNING * * *
You hit the orc warrior.
The orc warrior is poisoned.
The orc warrior is lightly wounded.
The orc wizard gestures at you while chanting.
The magic dart hits you.
* * * LOW HITPOINT WARNING * * *
The orc warrior hits you with a +0 scimitar.
* * * LOW HITPOINT WARNING * * *
You miss the orc warrior. Your headbutt misses the orc warrior.
The orc warrior is moderately wounded.
The orc warrior closely misses you.
Unknown command.
You sock the orc warrior!
The orc warrior looks as sick as possible!
The orc warrior is heavily wounded.
You feel less confused.
The orc priest looks braver for a moment.
The orc warrior hits you with a +0 scimitar!!
You die...

## .
##.##..
###..o....
#@o...#
##...##
#....#
#....o#
###.o..o.
#..#..
#...Z ..#
#... ..#
### ....


You could see an orc warrior (extremely poisoned), an orc priest, 2 orc wizards
and an orc.

Vanquished Creatures
  A sky beast (D:5)
  A hound (D:5)
  An orc priest (D:3)
  Crazy Yiuf (D:3)
  A centaur skeleton (D:5)
  A gnoll shaman (D:4)
  4 iguanas
  11 gnolls
  3 adders
  A shadow imp (D:5)
  An adder skeleton (D:4)
  2 dart slugs
  7 orcs (D:3)
  5 endoplasms
  6 giant cockroaches
  12 goblins
  7 hobgoblins
  8 jackals
  A quokka (D:1)
  8 ball pythons
  4 bats
  7 frilled lizards
  7 kobolds
  3 rats (D:1)
103 creatures vanquished.

Vanquished Creatures (others)
  6 plants (D:2)
6 creatures vanquished.

Grand Total: 109 creatures vanquished

Notes
Turn   | Place    | Note
-------+----------+-------------------------------------------
     0 | D:1      | LustLizard the Minotaur Berserker began the quest for the
                  | Orb.
     0 | D:1      | Reached XP level 1. HP: 19/19 MP: 0/0
    34 | D:1      | Reached skill level 4 in Axes
    39 | D:1      | Reached XP level 2. HP: 23/27 MP: 1/1
   432 | D:1      | Reached XP level 3. HP: 26/33 MP: 2/2
   508 | D:1      | Reached ** piety under Trog
  1022 | D:2      | Reached skill level 1 in Throwing
  1290 | D:2      | Reached skill level 5 in Axes
  1290 | D:2      | Reached XP level 4. HP: 21/41 MP: 3/3
  1899 | D:2      | Found a faded altar of an unknown god.
  2547 | D:3      | Reached XP level 5. HP: 41/47 MP: 4/4
  2766 | D:3      | Found a runed translucent door.
  2767 | D:3      | Noticed Crazy Yiuf
  2769 | D:3      | Identified the +5 mace of Harmony {venom, *Noise rN+ Int+3
                  | SInv}
  2775 | D:3      | Killed Crazy Yiuf
  3049 | D:4      | Reached skill level 6 in Axes
  3150 | D:4      | Reached skill level 5 in Fighting
  3150 | D:4      | Reached XP level 6. HP: 28/56 MP: 5/5
  3441 | D:4      | Reached *** piety under Trog
  3736 | D:4      | Identified the +8 whip of Wousk {vamp, rPois rF- SInv}
  3786 | D:5      | Entered Level 5 of the Dungeon
  3792 | D:5      | Noticed a sky beast
  3803 | D:5      | Killed a sky beast
  3911 | D:5      | Found Icoxyq's Armour Boutique.
  3926 | D:5      | Reached XP level 7. HP: 55/61 MP: 6/6
  3930 | D:5      | Reached skill level 7 in Axes
  4079 | D:5      | HP: 3/61 [orc warrior/+0 scimitar (3)]
  4081 | D:5      | Demolished by an orc warrior

Illustrated notes

Levels and vault maps discovered:
D:1:      dpeg_arrival_tiny_h, layout_rooms
D:2:      layout_loops_cross, hellmonk_ecumenical_altar_run_dry,
          chequers_serial_rivers_micro_a, serial_bayou_pond_c
D:3:      minmay_spotlight, layout_loops_cross, uniq_crazy_yiuf_cottage
D:4:      layout_cave_pods
D:5:      layout_cave_pools, serial_shops, nicolae_stop_n_shop_1, uniq_menkaure

Skill      XL: |  1  2  3  4  5  6  7 |
---------------+----------------------+-----
Axes           | 4 5 6 7 |  7.0
Fighting       | 4 5 |  5.5
Throwing       | 1 2 3 4 |  4.2
Armour         | |  2.4
Dodging        | |  2.1
Evocations     | |  0.9

Action                   |  1- 3 |  4- 6 |  7- 9 || total
-------------------------+-------+-------+-------++-------
Melee: Hand axe          |    80 |    27 |       ||   107
       Headbutt          |     8 |    18 |     5 ||    31
       War axe           |       |    29 |       ||    29
       Mace              |       |    54 |    13 ||    67
Throw: Stone             |       |    23 |     3 ||    26
Invok: Berserk           |     1 |     2 |       ||     3
  Use: Scroll            |       |       |     2 ||     2
Armor: Animal skin       |     8 |       |       ||     8
       Ring mail         |     6 |    16 |       ||    22
       Chain mail        |       |    34 |     8 ||    42
Dodge: Dodged            |    50 |    48 |     9 ||   107
Block: Other             |       |    20 |     4 ||    24
